 Dungeon Crawl Stone Soup version 0.15.2 (webtiles) character file.

4369 LetoII the Martial Artist (level 10, 0/74 HPs)
             Began as a Mummy Monk on Nov 8, 2015.
             Killed by divine providence
             ... invoked by an orc priest
              (11 damage)
             ... on Level 9 of the Dungeon.
             The game lasted 00:24:25 (13078 turns).

LetoII the Martial Artist (Mummy Monk)             Turns: 13078, Time: 00:24:25

HP   0/74        AC 10     Str 14      XL: 10   Next: 13%
MP  10/10        EV 13     Int  9      God:
Gold 120         SH  7     Dex 17      Spells:  0 memorised,  9 levels left

rFire  . . .     SeeInvis +     a - +3 blowgun
rCold  + . .     Clarity  .     i - +1 leather armour {rC+}
rNeg   + + +     rCorr    .     x - +2 buckler of Xom's Hope {+Blink rElec MR++}
rPois  +         rRot     +     w - +1 helmet {SInv}
rElec  +         Spirit   .     z - +2 cloak
SustAb .         Warding  .     r - +0 pair of gloves
rMut   .         Stasis   .     (no boots)
Gourm  .                        (no amulet)
MR     +++..                    v - ring of loudness
                                b - ring of fire

@: about to teleport, extremely resistant to hostile enchantments, very
unstealthy
A: no food or potions, fire vulnerability, restore body, cold resistance 1,
negative energy resistance 3, poison resistance, torment resistance, unbreathing
a: Evoke Blink


You were on level 9 of the Dungeon.
You were not hungry.

You visited 1 branch of the dungeon, and saw 9 of its levels.

You collected 540 gold pieces.
You spent 420 gold pieces at shops.


Innate Abilities, Weirdness & Mutations

You do not eat or drink.
Your flesh is vulnerable to fire.
Your flesh is cold resistant.
You are immune to negative energy.
Your system is resistant to poisons.
You are immune to unholy pain and torment.
You can survive without breathing.


   Skills:
 - Level 5.2 Fighting
 - Level 4.1 Dodging
 - Level 1.5 Stealth
 + Level 3.9 Shields
 - Level 11.0 Unarmed Combat


You had 9 spell levels left.
You didn't know any spells.

Inventory:

Hand weapons
 a - a +3 blowgun (weapon)
Missiles
 t - 11 poisoned needles (quivered)
Armour
 i - a +1 leather armour of cold resistance (worn)
 r - a +0 pair of gloves (worn)
 u - a +0 robe
 w - a +1 helmet of see invisible (worn)
 x - the +2 buckler of Xom's Hope (worn) {+Blink rElec MR++}
   (You bought it in a shop on level 4 of the Dungeon)

   It insulates you from electricity.
   It affects your resistance to hostile enchantments.
   It lets you blink.
 z - a +2 cloak (worn)
Comestibles
 n - 2 bread rations
 o - 2 slices of pizza
 p - 4 meat rations
Scrolls
 c - 2 scrolls of noise {!r}
 d - 2 scrolls of magic mapping
 e - 2 scrolls of remove curse
 f - 5 scrolls of teleportation {@r4}
 j - a scroll of fog
 k - a scroll of fear
 q - 2 scrolls of blinking
 s - a scroll of immolation {!r}
 y - a scroll of amnesia
Jewellery
 b - a ring of fire (left hand)
 l - an uncursed ring of see invisible
 v - a ring of loudness (right hand)

Dungeon Overview and Level Annotations

Branches:
Dungeon (9/15)             Temple (0/1) D:4            Lair (0/8) D:9
    Orc: D:9-12

Altars:
Cheibriados
Makhleb
Nemelex Xobeh
The Shining One

Shops:
D:4

%%[
..>....o.o#.############
.......o..#....<(?......
....P.h.#o#.#####.######
......##.#.# #
....####o### #.## #o.#
#..# #ho# #M.# #..# #..#
#..# #..# #..# #..# #..#
...


You could see a warg, 2 orc warriors, an orc priest, an orc wizard and an orc.


Message History

The orc warrior is poisoned.
The orc warrior barely misses you.
The orc warrior hits you with a long sword.
* * * LOW HITPOINT WARNING * * *
An orc wizard comes into view. It is wielding a runed dagger.
The orc wizard shouts! 2 wargs, 2 orcs, an orc warrior and an orc priest come into view.
The orc shouts!
The orc warrior shouts!
The orc shouts!
The warg barks!
The warg moves out of view.
Found a staircase to the Lair.
The orc wizard gestures wildly while chanting.
The orc wizard blinks!
The orc wizard casts a spell.
The orc wizard seems to speed up.
The orc priest calls down the wrath of Beogh upon you.
Something smites you!
* * * LOW HITPOINT WARNING * * *
You block the warg's attack.
The warg pauses to sniff the ground.
You block the warg's attack.
Read which item? (? for menu, Esc to quit)
As you read the scroll of teleportation {@r4}, it crumbles to dust.
You feel strangely unstable.
The orc warrior looks more healthy.
The warg bites you.
* * * LOW HITPOINT WARNING * * *
The orc wizard gestures wildly while chanting.
The orc wizard blinks!
You block the orc wizard's attack.
The orc priest mumbles some strange prayers to Beogh against you.
Something smites you!
You die...

Action                   |  1- 3 |  4- 6 |  7- 9 | 10-12 || total
-------------------------+-------+-------+-------+-------++-------
Melee: Unarmed           |   174 |   260 |   437 |    74 ||   945
       Short sword       |       |       |     9 |       ||     9
 Fire: Blowgun           |       |       |    81 |     9 ||    90
Evoke: Wand              |     1 |       |     1 |       ||     2
  Use: Scroll            |       |       |     9 |     2 ||    11
 Stab: Sleeping          |     1 |     2 |     2 |       ||     5
       Distracted        |       |       |     1 |       ||     1

Vault maps used:
D:1:      minmay_arrival_solitary_statue, st_stairs_9
D:2:      overflow_temple_1_default, uniq_crazy_yiuf_cottage
D:3:      nicolae_tso_carved_into_rock, first_bread, corexii_leaking_fountain
D:4:      gammafunk_temple_overflow_wave, minmay_temple_entry_purple_smoke,
          serial_shops, shop, nicolae_shop_stone, shop, uniq_iyjb, uniq_duvessa,
          uniq_sigmund, uniq_menkaure
D:8:      okawaru_gym_becter
D:9:      erik_lair_orcish_takeover

Notes
Turn   | Place    | Note
--------------------------------------------------------------
     0 | D:1      | LetoII, the Mummy Monk, began the quest for the Orb.
     0 | D:1      | Reached XP level 1. HP: 18/18 MP: 1/1
   357 | D:1      | Reached XP level 2. HP: 22/24 MP: 2/2
   787 | D:1      | Reached skill level 4 in Unarmed Combat
  1049 | D:1      | Reached XP level 3. HP: 27/29 MP: 3/3
  1237 | D:2      | Found a sparkling altar of Nemelex Xobeh.
  1522 | D:2      | Noticed Crazy Yiuf
  1769 | D:2      | Identified a wand of teleportation {zapped: 1} (You found it on level 2 of the Dungeon)
  2026 | D:3      | Found a glowing golden altar of the Shining One.
  2218 | D:3      | Reached XP level 4. HP: 31/35 MP: 4/4
  2358 | D:3      | Reached skill level 5 in Unarmed Combat
  3046 | D:4      | Found Adwi's Food Emporium.
  3136 | D:4      | Found a snail-covered altar of Cheibriados.
  3136 | D:4      | Found a burning altar of Makhleb.
  3174 | D:4      | Found Maidam's Food Emporium.
  3208 | D:4      | Noticed Ijyb
  3238 | D:4      | Killed Ijyb
  3238 | D:4      | Reached XP level 5. HP: 37/42 MP: 5/5
  3255 | D:4      | Noticed Menkaure
  3268 | D:5      | Entered Level 5 of the Dungeon
  3277 | D:5      | Reached skill level 4 in Fighting
  3524 | D:4      | Found a staircase to the Ecumenical Temple.
  3524 | D:4      | Noticed Duvessa
  3524 | D:4      | Noticed Dowan
  3536 | D:4      | Noticed Sigmund
  3851 | D:5      | Noticed a centaur
  3866 | D:5      | Killed a centaur
  3866 | D:5      | Reached skill level 5 in Fighting
  4074 | D:5      | Reached XP level 6. HP: 51/51 MP: 6/6
  4306 | D:5      | Got a brightly glowing whip
  4414 | D:5      | Noticed a centaur
  4444 | D:5      | Killed a centaur
  4717 | D:5      | Reached skill level 6 in Unarmed Combat
  5126 | D:5      | Reached XP level 7. HP: 34/56 MP: 7/7
  6004 | D:6      | Reached skill level 7 in Unarmed Combat
  6519 | D:6      | Reached skill level 3 in Dodging
  6584 | D:6      | Noticed a five-headed hydra zombie
  6815 | D:6      | Reached skill level 4 in Dodging
  6815 | D:6      | Reached XP level 8. HP: 35/62 MP: 8/8
  7444 | D:6      | Killed a hydra zombie
  7444 | D:6      | Reached skill level 8 in Unarmed Combat
  8714 | D:7      | Reached skill level 9 in Unarmed Combat
  8986 | D:7      | Reached XP level 9. HP: 64/68 MP: 9/9
  9738 | D:7      | Reached skill level 10 in Unarmed Combat
  9740 | D:7      | Noticed GhostOklob's ghost (experienced DDBe)
  9755 | D:7      | Killed GhostOklob's ghost
 10194 | D:4      | Killed Sigmund
 10385 | D:4      | Killed Duvessa
 10574 | D:4      | Killed Dowan
 10889 | D:4      | Found Creedwe's Antique Armour Shoppe.
 10895 | D:4      | Bought a glowing helmet for 135 gold pieces
 10903 | D:4      | Bought a brightly glowing buckler for 285 gold pieces
 10909 | D:4      | Identified the +2 buckler of Xom's Hope {+Blink rElec MR++} (You bought it in a shop on level 4 of the Dungeon)
 10972 | D:4      | Killed Menkaure
 10972 | D:4      | Reached skill level 11 in Unarmed Combat
 11197 | D:2      | Killed Crazy Yiuf
 11650 | D:5      | Reached skill level 1 in Shields
 11822 | D:7      | Reached skill level 2 in Shields
 12129 | D:7      | Reached XP level 10. HP: 72/74 MP: 10/10
 12208 | D:7      | Reached skill level 3 in Shields
 12962 | D:8      | HP: 2/74 [orc warrior/long sword (10)]
 13067 | D:9      | Found a staircase to the Lair.
 13078 | D:9      | Killed from afar by an orc priest

Vanquished Creatures
  The ghost of GhostOklob the Basher, an experienced DDBe of Trog (D:7)
  A hydra zombie (D:6)
  Menkaure (D:4)
  2 phantoms
  An orc warrior (D:7)
  2 water moccasins (D:7)
  4 ice beasts
  3 sky beasts
  An ogre (D:6)
  Sigmund (D:4)
  Duvessa (D:4)
  3 centaurs
  4 giant frogs
  An eye of draining (D:8)
  2 scorpions (D:7)
  9 killer bees (D:7)
  A hippogriff skeleton (D:8)
  2 crimson imps
  4 wights (D:7)
  Dowan (D:4)
  4 jellies
  Crazy Yiuf (D:2)
  3 orc priests
  A centaur skeleton (D:6)
  A giant frog skeleton (D:6)
  2 hounds
  4 orc wizards
  5 worker ants
  Ijyb (D:4)
  A big kobold skeleton (D:6)
  3 gnolls (D:3)
  9 adders
  A steam dragon skeleton (D:7)
  A giant mite (D:6)
  A shadow imp (D:7)
  4 worms
  5 giant geckos
  26 orcs
  A ball python (D:6)
  14 bats
  4 giant cockroaches
  9 hobgoblins
  10 jackals
  3 quokkas
  5 giant newts
  17 goblins
  A goblin skeleton (D:4)
  A hobgoblin skeleton (D:4)
  18 kobolds
  An orc skeleton (D:8)
  An orc zombie (D:7)
  15 rats
  A rat zombie (D:5)
219 creatures vanquished.
